 Dungeon Crawl Stone Soup version 0.20.1-1-g8b1a95d (webtiles) character file.

86 slep the Chopper (level 4, -1/27 HPs)
             Began as a Tengu Gladiator on Dec 20, 2017.
             Was an Initiate of Okawaru.
             Killed from afar by Zephyrbreeze's ghost (5 damage)
             ... with a zap
             ... on level 3 of the Dungeon.
             The game lasted 00:05:34 (1607 turns).

slep the Chopper (Tengu Gladiator)                  Turns: 1607, Time: 00:05:34

Health: -1/27      AC:  4    Str: 15    XL:     4   Next: 50%
Magic:  5/5        EV: 14    Int:  8    God:    Okawaru [......]
Gold:   89         SH:  0    Dex: 16    Spells: 3/3 levels left

rFire    . . .     SeeInvis +   a - +0 war axe
rCold    . . .     Gourm    .   (no shield)
rNeg     + . .     Faith    .   b - +0 leather armour
rPois    .         Spirit   .   c - +0 hat
rElec    .         Reflect  .   (no cloak)
rCorr    .         Harm     .   h - +0 pair of gloves
MR       .....                  (boots unavailable)
Stlth    +.........             (no amulet)
Regen    0.1/turn               e - ring of positive energy
MPRegen  0.1/turn               n - ring of see invisible (curse)

@: no status effects
A: beak, talons 3
a: Renounce Religion


You were on level 3 of the Dungeon.
You worshipped Okawaru.
Okawaru was noncommittal.
You were not hungry.

You visited 1 branch of the dungeon, and saw 3 of its levels.

You collected 89 gold pieces.

Inventory:

Hand Weapons
 a - a +0 war axe (weapon)
Missiles
 d - 3 throwing nets (quivered)
 s - 11 sling bullets
Armour
 b - a +0 leather armour (worn)
 c - a +0 hat (worn)
 h - a +0 pair of gloves (worn)
Jewellery
 e - a ring of positive energy (left hand)
 n - a cursed ring of see invisible (right hand)
 o - a +3 ring of intelligence {unknown}
Scrolls
 i - 2 scrolls of remove curse {unknown}
 j - 3 scrolls of amnesia {unknown}
 k - a scroll of identify {unknown}
 l - a scroll of enchant armour {unknown}
 m - a scroll of random uselessness {unknown}
Potions
 p - 2 potions of curing {unknown}
 r - 2 potions of agility {unknown}
Comestibles
 f - 3 bread rations
 g - 3 meat rations
 q - a royal jelly
 t - a chunk of flesh


   Skills:
 + Level 2.4 Fighting
 + Level 4.7 Axes
 + Level 2.1 Throwing
 + Level 1.0 Armour
 + Level 3.8 Dodging


You had 3 spell levels left.
You didn't know any spells.

Dungeon Overview and Level Annotations

Branches:
Dungeon (3/15)

Altars:
Nemelex Xobeh
Okawaru
Qazlal

Annotations:
D:3 Zephyrbreeze's ghost, amateur DrAE


Innate Abilities, Weirdness & Mutations

You have a beak for a mouth.
You have claws for feet.


Message History

Zephyrbreeze's ghost casts a spell.
Zephyrbreeze's ghost puts on a burst of speed!
Things that are here:
a whip; a kobold corpse Zephyrbreeze's ghost casts a spell at you.
The zap hits you!
* * * LOW HITPOINT WARNING * * *
Zephyrbreeze's ghost completely misses you.
Found 3 tomahawks.
You see here a club.
Zephyrbreeze's ghost barely misses you.
Zephyrbreeze's ghost mumbles some strange words.
You are struck by lightning.
* * * LOW HITPOINT WARNING * * *
The lightning arcs!
Zephyrbreeze's ghost is struck by lightning.
The lightning grounds out.
Zephyrbreeze's ghost points at you and mumbles some strange words.
The zap hits you!
You die...

##.....## #
#.......# ####
#...⌠.⌠.# ...#
####...._.. ...#
##.......⌠.⌠##
...# #..#
#.(.....#
#..###.##
#.......#
........#
#...W.@.#
........#
##.....##
........#
#.....##
#.###..(###.#####
........)...#
......##.####
......##...
......####...
..###... .....


You could see Zephyrbreeze's ghost.

Vanquished Creatures
  3 adders (D:2)
  2 worms (D:2)
  4 dart slugs
  A leopard gecko (D:1)
  2 giant cockroaches (D:1)
  9 goblins
  5 hobgoblins
  5 kobolds
  2 quokkas (D:2)
  5 bats
  3 frilled lizards (D:1)
  7 rats
48 creatures vanquished.

Notes
Turn   | Place    | Note
-------+----------+-------------------------------------------
     0 | D:1      | slep the Tengu Gladiator began the quest for the Orb.
     0 | D:1      | Reached XP level 1. HP: 12/12 MP: 2/2
   143 | D:1      | Reached XP level 2. HP: 17/17 MP: 3/3
   391 | D:1      | Reached XP level 3. HP: 16/21 MP: 4/4
   488 | D:1      | Reached skill level 4 in Axes
  1073 | D:2      | Found a stormy altar of Qazlal.
  1316 | D:2      | Reached XP level 4. HP: 22/27 MP: 5/5
  1381 | D:2      | Reached skill level 1 in Armour
  1553 | D:3      | Found a sparkling altar of Nemelex Xobeh.
  1567 | D:3      | Found an iron altar of Okawaru.
  1576 | D:3      | Became a worshipper of Warmaster Okawaru
  1587 | D:3      | Noticed Zephyrbreeze's ghost (amateur DrAE)
  1607 | D:3      | Killed from afar by Zephyrbreeze's ghost

Skill      XL: |  1  2  3  4 |
---------------+-------------+-----
Axes           | 4 |  4.7
Armour         | 1 |  1.0
Fighting       | |  2.4
Throwing       | |  2.1
Dodging        | |  3.8

Action                   |  1- 3 |  4- 6 || total
-------------------------+-------+-------++-------
Melee: War axe           |    70 |    18 ||    88
       Kick              |    22 |     7 ||    29
       Peck              |     7 |     1 ||     8
 Stab: Sleeping          |     1 |       ||     1
  Eat: Chunk             |     1 |     1 ||     2
Armor: Leather armour    |    24 |     5 ||    29
Dodge: Dodged            |    49 |    17 ||    66
